 Dungeon Crawl Stone Soup version 0.31-a0-188-g5e087ee2ca (webtiles) character file.

Game seed: 6495140489393823585

9058 Anon1729 the Protected (level 11, -2/96 (99) HPs)
             Began as a Minotaur Monk on June 23, 2023.
             Was a Follower of Uskayaw.
             Slain by Urug
             ... wielding a +4 demon trident
              (13 damage)
             ... on level 10 of the Dungeon.
             The game lasted 00:09:27 (11384 turns).

Anon1729 the Protected (Minotaur Monk)             Turns: 11384, Time: 00:09:27

HP:   -2/96 (99)    AC: 20    Str: 16    XL:     11   Next: 18%
MP:   11/15         EV:  4    Int:  7    God:    Uskayaw [*.....]
Gold: 139           SH:  0    Dex: 23    Spells: 10/10 levels left

rFire   + . .        R - +2 dagger (venom)
rCold   + . .        d - orb {light}
rNeg    . . .        m - +0 gold dragon scales
rPois   +            (helmet restricted)
rElec   .            C - +0 cloak
rCorr   .            (no gloves)
SInv    +            (no boots)
Will    .....        (no amulet) Stlth
                     v - ring of see invisible
HPRegen 0.36/turn    x - +6 ring of dexterity
MPRegen 0.14/turn

%: no passive effects
@: glowing, lightly drained
A: horns 2, retaliatory headbutt
a: Renounce Religion, Stomp


You were on level 10 of the Dungeon.
You worshipped Uskayaw.
Uskayaw was noncommittal.
You visited 2 branches of the dungeon, and saw 11 of its levels.
You also visited: Sewer.

You collected 536 gold pieces.
You spent 397 gold pieces at shops.

Inventory:

Hand Weapons
 n - a +2 dagger of distortion
 u - a +1 short sword of venom
 Q - the +6 mace "Undertaker" {spect, Contam Fragile rC+++ Str+8}
   (You found it on level 9 of the Dungeon)

   Str:       It affects your strength (+8).
   rC:        It renders you almost immune to cold.
   Contam:    It causes magical contamination when unequipped.
   Fragile:   It will be destroyed if unequipped.
 R - a +2 dagger of venom (weapon)
Missiles
 y - 36 poisoned darts
 N - 4 curare-tipped darts
Armour
 b - a +0 robe
 d - an orb of light (worn)
 m - +0 gold dragon scales (worn)
 C - a +0 cloak (worn)
Jewellery
 o - a ring of wizardry
 v - a ring of see invisible (left hand)
 x - a +6 ring of dexterity (right hand)
 K - a +4 ring of slaying
Wands
 w - a wand of acid (5)
 H - a wand of mindburst (16)
 I - a wand of iceblast (7)
 M - a wand of digging (5)
 P - a wand of charming (5)
Scrolls
 e - 3 scrolls of vulnerability
 f - 2 scrolls of immolation
 g - 14 scrolls of teleportation
 i - 2 scrolls of enchant armour {unknown}
 r - 2 scrolls of enchant weapon
 s - 2 scrolls of fog {unknown}
 t - a scroll of poison {unknown}
 D - 2 scrolls of summoning
 E - 10 scrolls of identify
 L - 4 scrolls of fear {unknown}
 O - a scroll of noise {unknown}
Potions
 a - 3 potions of magic {unknown}
 c - 2 potions of ambrosia
 h - 2 potions of curing
 j - 6 potions of haste {unknown}
 k - 4 potions of brilliance
 l - 2 potions of resistance
 p - a potion of mutation {unknown}
 q - 3 potions of might {unknown}
 z - 2 potions of heal wounds {unknown}
 A - 4 potions of attraction {unknown}
 B - a potion of lignification {unknown}
 F - a potion of enlightenment {unknown}
 G - 3 potions of degeneration {unknown}
 J - a potion of berserk rage {unknown}


   Skills:
 + Level 10.1 Fighting
 + Level 9.3 Short Blades
 * Level 12.9 Armour
 - Level 3.7 Dodging
 + Level 7.7 Invocations


You had 10 spell levels left.
You didn't know any spells.
Your spell library contained the following spells:

 Spells                   Type           Power      Damage    Failure   Level
 Sandblast                Erth           0%         2d4       100%        1
 Ensorcelled Hibernation  Hex/Ice        0%         N/A       100%        2
 Passwall                 Tmut/Erth      0%         N/A       100%        2
 Stone Arrow              Conj/Erth      0%         3d7       100%        3
 Swiftness                Air            0%         N/A       100%        3
 Passage of Golubria      Tloc           0%         N/A       100%        4
 Silence                  Hex/Air        0%         N/A       100%        5
 Lehudib's Crystal Spear  Conj/Erth      0%         10d2      100%        8


Dungeon Overview and Level Annotations

Branches:
Dungeon (10/15)            Temple (1/1) D:4           Sewer (visited)
   Lair: D:8-11         Orc: D:9-12

Altars:
Ashenzari
Cheibriados
Dithmenos
Elyvilon
Fedhas
Gozag
Hepliaklqana
Kikubaaqudgha
Makhleb
Nemelex Xobeh
Okawaru
Qazlal
Ru
Sif Muna
Trog
Uskayaw
Vehumet
Wu Jian
Xom
Yredelemnul
Zin
The Shining One

Annotations:
D:10 Urug


Innate Abilities, Weirdness & Mutations

You have a pair of horns on your head.
You reflexively headbutt those who attack you in melee.


Message History

Urug is moderately wounded.
Urug hits you but does no damage.
You hit Urug but do no damage.
Urug looks as sick as possible!
Urug is moderately wounded.
You puncture Urug! You headbutt Urug.
Urug is heavily wounded.
Urug hits you but does no damage.
You can now pass through a line of other dancers.
Aiming: Line Pass
Press: ? - help, Dir - move target Urug appears confused.
You can no longer pass through a line of other dancers.
You hit Urug but do no damage.
Urug looks as sick as possible!
You headbutt Urug, but do no damage.
Urug is heavily wounded.
You hit Urug but do no damage. You headbutt Urug, but do no damage.
Urug is heavily wounded.
Urug hits you with a +4 demon trident!
* * * LOW HITPOINT WARNING * * *
You hit Urug.
Urug looks as sick as possible!
Urug is heavily wounded.
You hit Urug but do no damage.
Urug looks as sick as possible!
You headbutt Urug, but do no damage.
Urug is heavily wounded.
Urug seems less confused.
Urug hits you with a +4 demon trident!
* * * LOW HITPOINT WARNING * * *
Aiming: Corrosive Bolt
Press: ? - help, Shift-Dir - straight line, f - Urug
Aim: Urug, wielding a +4 demon trident, wearing a +0 chain mail and quivering javelins (heavily wounded, extremely poisoned, haloed, 78% to hit)
The bolt of acid hits Urug!
Urug is severely wounded.
Urug hits you with a +4 demon trident!
* * * LOW HITPOINT WARNING * * *
Aiming: Corrosive Bolt
Press: ? - help, Shift-Dir - straight line, f/p - Urug
Aim: Urug, wielding a +4 demon trident, wearing a +0 chain mail and quivering javelins (severely wounded, extremely poisoned, haloed, 78% to hit)
The bolt of acid hits Urug!
The acid corrodes Urug!
Urug is almost dead.
Urug hits you with a +4 demon trident!
You die...

## #######.+
############....o..#
...........'....@..#
############.......#
...<.........
#############$.# ..
.


You could see Urug (extremely poisoned, corroded).

Vanquished Creatures
  Erica (D:8)
  A two-headed ogre (D:7)
  Nergalle (D:10)
  Pikel (D:4)
  Joseph (D:8)
  Maggie (D:7)
  A troll (D:9)
  Sigmund (D:4)
  6 yaks (D:7)
  A vampire (D:9)
  3 wyverns
  The ghost of sastreii the Shooter, an amateur DgHu (D:4)
  Grum (D:8)
  3 steam dragons
  Edmund (D:4)
  Duvessa (D:6)
  2 orc warriors
  2 black bears
  A sky beast (D:4)
  3 wolves (D:9)
  2 ogres (D:6)
  A lemure (D:4)
  2 phantoms
  2 centaurs (D:8)
  6 kobold brigands
  2 bullfrogs
  A gnoll sergeant (D:7)
  6 wights (D:8)
  Dowan (D:6)
  4 killer bees (D:9)
  5 howler monkeys
  2 orc priests (D:6)
  3 gnoll boudas
  2 jellies
  2 sleepcaps
  2 iguanas (D:6)
  Ijyb (D:3)
  Natasha (thrice) (D:3)
  6 orc wizards
  21 gnolls
  21 adders
  9 river rats
  A white imp (D:6)
  An ufetubus (D:7)
  2 worms
  4 dart slugs
  19 orcs
  11 ball pythons
  2 bats
  9 endoplasms
  5 giant cockroaches
  6 goblins
  14 hobgoblins
  11 jackals
  4 quokkas
  3 frilled lizards (D:1)
  39 kobolds
  33 rats
301 creatures vanquished.

Vanquished Creatures (others)
  A wight (D:8)
  2 gnolls (D:7)
  An ufetubus (D:7)
  2 orcs (D:7)
6 creatures vanquished.

Grand Total: 307 creatures vanquished

Notes
Turn   | Place    | Note
-------+----------+-------------------------------------------
     0 | D:1      | Anon1729 the Minotaur Monk began the quest for the Orb.
     0 | D:1      | Reached XP level 1. HP: 19/19 MP: 0/0
    80 | D:1      | Reached XP level 2. HP: 9/27 MP: 1/1
   264 | D:1      | Reached skill level 1 in Armour
   358 | D:1      | Reached skill level 1 in Invocations
   361 | D:1      | Reached XP level 3. HP: 32/33 MP: 2/2
  1573 | D:2      | Reached XP level 4. HP: 35/40 MP: 4/4
  1694 | D:2      | Reached skill level 2 in Armour
  2146 | D:3      | Noticed Natasha
  2156 | D:3      | Killed Natasha
  2247 | D:3      | Reached XP level 5. HP: 18/47 MP: 5/5
  2325 | D:3      | Reached skill level 3 in Armour
  2468 | D:3      | Noticed Natasha
  2482 | D:3      | Killed Natasha
  2699 | D:3      | Noticed Ijyb
  2707 | D:3      | Killed Ijyb
  2981 | D:3      | Noticed Natasha
  2987 | D:3      | Killed Natasha
  3237 | D:4      | Found a staircase to the Ecumenical Temple.
  3244 | D:4      | Reached XP level 6. HP: 55/55 MP: 6/6
  3253 | Temple   | Entered the Ecumenical Temple
  3302 | D:4      | Noticed a sky beast
  3304 | D:4      | Noticed Edmund
  3309 | D:4      | Killed a sky beast
  3310 | D:4      | Reached skill level 5 in Fighting
  3310 | D:4      | Reached skill level 4 in Armour
  3320 | D:4      | Killed Edmund
  3374 | D:4      | Reached skill level 5 in Armour
  3392 | D:4      | Reached XP level 7. HP: 40/61 MP: 8/8
  3416 | D:4      | Found a glowing drain.
  3425 | Sewer    | Entered a sewer
  3542 | Sewer    | Reached skill level 5 in Short Blades
  3883 | Sewer    | Reached skill level 6 in Armour
  4464 | D:4      | Found a glowing silver altar of Zin.
  4513 | D:4      | Noticed Sigmund
  4518 | D:4      | Killed Sigmund
  4519 | D:4      | Reached XP level 8. HP: 70/70 MP: 9/9
  4583 | D:4      | Noticed Pikel
  4584 | D:4      | Found a runed translucent gate.
  4585 | D:4      | Found a runed translucent gate.
  4585 | D:4      | Found a runed translucent gate.
  4613 | D:4      | Killed Pikel
  4614 | D:4      | Reached skill level 7 in Armour
  4921 | D:4      | Noticed sastreii's ghost (amateur DgHu)
  5058 | D:4      | Killed sastreii's ghost
  5059 | D:4      | Reached skill level 8 in Armour
  5105 | D:5      | Entered Level 5 of the Dungeon
  5293 | D:5      | Reached skill level 5 in Invocations
  5328 | D:5      | Reached XP level 9. HP: 79/79 MP: 11/11
  6088 | D:6      | Noticed Duvessa
  6089 | D:6      | Noticed Dowan
  6107 | D:6      | Killed Dowan
  6108 | D:6      | Killed Duvessa
  6437 | D:6      | Reached skill level 9 in Armour
  7404 | D:7      | Noticed Maggie
  7414 | D:7      | Killed Maggie
  7515 | D:7      | Reached skill level 10 in Armour
  7714 | D:7      | Noticed a two-headed ogre
  7726 | D:7      | Killed a two-headed ogre
  7824 | D:7      | Reached XP level 10. HP: 71/90 MP: 13/13
  7858 | D:7      | Reached skill level 11 in Armour
  8616 | D:8      | Found Daoghegg's General Store.
  8626 | D:8      | Found a glowing golden altar of the Shining One.
  8626 | D:8      | Found a hide-covered altar of Uskayaw.
  8722 | D:8      | Noticed Erica
  8934 | D:8      | Killed Erica
  8935 | D:8      | Reached skill level 12 in Armour
  9089 | D:8      | Bought a scroll of teleportation for 45 gold pieces
  9089 | D:8      | Bought a scroll of identify for 30 gold pieces
  9089 | D:8      | Bought a potion of resistance for 150 gold pieces
  9089 | D:8      | Bought a scroll of summoning for 142 gold pieces
  9089 | D:8      | Bought a scroll of identify for 30 gold pieces
  9305 | D:8      | Noticed Joseph
  9328 | D:8      | Killed Joseph
  9530 | D:8      | Became a worshipper of Uskayaw the Reveller
  9530 | D:8      | Reached * piety under Uskayaw
  9747 | D:9      | Noticed Grum
  9756 | D:9      | Reached ** piety under Uskayaw
  9764 | D:8      | Reached *** piety under Uskayaw
  9766 | D:8      | Killed Grum
  9766 | D:8      | Reached **** piety under Uskayaw
 10105 | D:9      | Reached XP level 11. HP: 56/99 MP: 15/15
 10531 | D:9      | Identified the +6 mace "Undertaker" {spect, Contam Fragile
                  | rC+++ Str+8}
 10686 | D:9      | Reached skill level 10 in Fighting
 11082 | D:10     | Entered Level 10 of the Dungeon
 11082 | D:10     | Noticed Nergalle
 11113 | D:10     | Killed Nergalle
 11363 | D:10     | Noticed Urug
 11384 | D:10     | Slain by Urug

Illustrated notes

Levels and vault maps discovered:
D:1:      denvon_arrival_planthouse, layout_basic
D:2:      minmay_razor_zed, layout_basic, minmay_tromino_v4_a
D:3:      layout_loops_corners, uniq_ijyb, uniq_natasha
D:4:      layout_loops_ring, mainiacjoe_overflow_alcove_1,
          minmay_temple_entry_wispy, ebering_ghost_rock_garden, enter_ossuary_2,
          lightli_sewer_entry_pipes, uniq_edmund, uniq_sigmund, uniq_pikel
D:5:      nicolae_cairo_tiling_large_dashed, layout_cave_pods
D:6:      layout_loops_corners, chequers_serial_rivers_micro_e,
          patterned_corridor, uniq_duvessa
D:7:      layout_basic, uniq_maggie
D:8:      layout_rooms, jmf_multi_god_temple, serial_shops,
          nicolae_stop_n_shop_1, uniq_erica, uniq_joseph
D:9:      layout_roguey, hangedman_decor_diamond_cutter, uniq_grum
D:10:     layout_basic, eino_tiny_chamber, uniq_nergalle, uniq_urug
Temple:   hellmonk_temple_of_storms

Skill      XL: |  1  2  3  4  5  6  7  8  9 10 11 |
---------------+----------------------------------+-----
Armour         | 1 2 3 5 6 8 10 12 | 12.9
Invocations    | 1 2 3 5 6 7 |  7.7
Fighting       | 4 5 6 7 8 9 10 | 10.1
Short Blades   | 4 5 6 7 9 |  9.3
Dodging        | |  3.7

Action                     |  1- 3 |  4- 6 |  7- 9 | 10-12 || total
---------------------------+-------+-------+-------+-------++-------
  Melee: Short sword       |   107 |   119 |   432 |   371 ||  1029
         Headbutt          |    23 |    25 |   120 |   132 ||   300
         Dagger            |       |       |       |    14 ||    14
 Invoke: Stomp             |       |       |       |     2 ||     2
         Line Pass         |       |       |       |     2 ||     2
  Evoke: Wand              |       |       |     9 |     9 ||    18
    Use: Scroll            |       |     4 |     1 |       ||     5
         Potion            |       |       |     2 |       ||     2
   Stab: Paralysed         |       |       |       |     9 ||     9
 Armour: Robe              |    17 |    10 |       |       ||    27
         Gold dragon scale |       |    55 |   423 |   229 ||   707
  Dodge: Dodged            |    62 |    52 |    57 |    67 ||   238

Table legend: (Time is in decaauts)
 A = Elapsed time spent in this place.
 B = Non-inter-level travel time spent in this place.
 C = Inter-level travel time spent in this place.
 D = Time resting spent in this place.
 E = Time spent auto-exploring this place.
 F = Levels seen in this place.
 G = Mean time per level.
                   A        B        C        D        E       F      G
               +--------+--------+--------+--------+--------+-----+--------+
         Total |  11116 |  10852 |    264 |   1367 |   7639 |  12 |  926.3 |
       Dungeon |  10129 |   9865 |    264 |   1367 |   6909 |  10 | 1012.9 |
        Temple |     40 |     40 |      0 |      0 |      9 |   1 |   40.0 |
         Sewer |    946 |    946 |      0 |      0 |    720 |   1 |  946.0 |
               +--------+--------+--------+--------+--------+-----+--------+

Top non-repeatable levels by time:
     D:6: 1405 daAuts
     D:7: 1350 daAuts
     D:3: 1245 daAuts
     D:8: 1132 daAuts
     D:9: 1079 daAuts
     D:2: 992 daAuts
     D:1: 970 daAuts
   Sewer: 946 daAuts
     D:4: 881 daAuts
     D:5: 789 daAuts
    D:10: 283 daAuts
  Temple: 40 daAuts
